 Dungeon Crawl Stone Soup version 0.31-a0-614-gc85dc1c48c (webtiles) character file.

Game seed: 2911655171857943047

44 Essalna the Ruffian (level 3, 0/30 HPs)
             Began as a Draconian Shapeshifter on Aug 22, 2023.
             Slain by an adder (4 damage)
             ... on level 2 of the Dungeon.
             The game lasted 00:01:19 (809 turns).

Essalna the Ruffian (Draconian Shapeshifter)         Turns: 809, Time: 00:01:20

Health: 0/30       AC:  5    Str: 17    XL:     3   Next: 39%
Magic:  3/3        EV: 12    Int:  8    God:
Gold:   70         SH:  0    Dex: 13    Spells: 2/2 levels left

rFire   . .          .
                       - Unarmed
rCold   . . .        (no shield)
rNeg    . . .        (body armour unavailable)
rPois   .            (helmet currently unavailable)
rElec   .            (cloak currently unavailable)
rCorr   .            (gloves currently unavailable)
SInv    .            (boots currently unavailable)
Will    .....        (no amulet)
Stlth   +            (no ring)
HPRegen 0.25/turn    (no ring)
MPRegen 0.08/turn

%: no passive effects
@: lethally poisoned (0 -> -2), beast-form
A: beast (slay +2), AC +5, unfitting armour, cold-blooded
a: Begin Untransformation


You were on level 2 of the Dungeon.
You were a hulking beast.
You visited 1 branch of the dungeon, and saw 2 of its levels.

You collected 70 gold pieces.

Inventory:

Jewellery
 h - a ring of ice
Talismans
 b - a beast talisman (active)
 c - a flux talisman
Scrolls
 d - a scroll of immolation {unknown}
 i - a scroll of identify {unknown}
 j - a scroll of revelation {unknown}
 k - 2 scrolls of enchant weapon {unknown}
 m - a scroll of enchant armour {unknown}
 n - 2 scrolls of fear {unknown}
 p - a scroll of teleportation {unknown}
Potions
 a - a potion of lignification
 e - a potion of cancellation {unknown}
 f - a potion of heal wounds {unknown}
 g - a potion of curing {unknown}
 l - a potion of might {unknown}
 o - a potion of haste {unknown}


   Skills:
 + Level 2.3 Fighting
 - Level 1.7 Dodging
 + Level 3.5 Unarmed Combat
 + Level 3.3 Shapeshifting


You had 2 spell levels left.
You didn't know any spells.
Your spell library contained the following spells:

 Spells                   Type           Power      Damage    Failure   Level
 Ozocubu's Armour         Ice            0%         N/A       78%         3
 Metabolic Englaciation   Hex/Ice        0%         N/A       100%        5
 Simulacrum               Ice/Necr       0%         N/A       100%        6


Dungeon Overview and Level Annotations

Branches:
Dungeon (2/15)

Altars:

Shops:
D:2 (


Innate Abilities, Weirdness & Mutations

You are a hulking beast.
Your limbs bulge with bestial killing power. (Slay +2)
Your plain brown scales are hard. (AC +5)
You cannot fit into any form of body armour.
You are cold-blooded and may be slowed by cold attacks.


Message History

You are too injured to fight recklessly!
You are too injured to fight recklessly!
You are too injured to fight recklessly!
You are too injured to fight recklessly!
You are too injured to fight recklessly!
You are too injured to fight recklessly!
You are too injured to fight recklessly!
The adder attacks as it pursues you! The adder closely misses you.
The adder bites you.
You are poisoned.
The adder poisons you!
The frilled lizard attacks as it pursues you!
The frilled lizard bites you but does no damage.
You closely miss the adder.
The adder is heavily wounded.
You feel sick. The adder completely misses you.
You hit the adder.
The adder is almost dead.
You feel sick. The frilled lizard misses you. The adder barely misses you.
You punch the adder!
You kill the adder!
You feel sick. The frilled lizard bites you. The adder completely misses you.
You hit the adder.
The adder is lightly wounded.
You feel sick. The frilled lizard bites you. The adder bites you.
You are more poisoned.
The adder poisons you!
You miss the adder.
You tail-slap the adder, but do no damage.
The adder is lightly wounded.
You feel sick. The frilled lizard closely misses you. The adder bites you.
* * * LOW HITPOINT WARNING * * *
You barely miss the adder.
The adder is lightly wounded.
You feel sick. The adder misses you. The frilled lizard closely misses you.
You closely miss the adder.
The adder is lightly wounded.
You feel sick. The adder bites you but does no damage.
The frilled lizard misses you. The adder bites you.
You die...

###..... #
#...<...######.
#.......)..... #.....#
....# #. #..###...#
#.##........#
#...∩.......####.#
#....##...)......#..
....##h†##......###.♣..
## #Sl..##........'.8
#....g?...#........♣..
.....................#
###.........#........##
#.........#.........♣
#...>.....#.........♣♣
#.....................
#.........##..........


You could see an adder, a hobgoblin and a frilled lizard.

Vanquished Creatures
  An adder (D:2)
  3 endoplasms (D:1)
  3 giant cockroaches
  A goblin (D:1)
  2 hobgoblins (D:1)
  3 jackals (D:1)
  A quokka (D:1)
  5 ball pythons
  4 bats
  2 frilled lizards (D:1)
  6 kobolds
  A rat (D:1)
32 creatures vanquished.

Notes
Turn   | Place    | Note
-------+----------+-------------------------------------------
     0 | D:1      | Essalna the Draconian Shapeshifter began the quest for the
                  | Orb.
     0 | D:1      | Reached XP level 1. HP: 16/16 MP: 1/1
   230 | D:1      | Reached XP level 2. HP: 23/23 MP: 2/2
   628 | D:1      | You fall into a shaft and drop 1 floor!
   691 | D:2      | Reached XP level 3. HP: 29/29 MP: 3/3
   784 | D:2      | Found Adghib Vukh's Weapon Emporium.
   809 | D:2      | Slain by an adder

Illustrated notes

Levels and vault maps discovered:
D:1:      nagdon_arrival_double_spiral, layout_basic
D:2:      layout_rooms, serial_shops, nicolae_square_shop, shop,
          dilly_ecumenical_altar_fadedgnrine

Skill      XL: |  1  2 |
---------------+-------+-----
Fighting       | 2 |  2.3
Dodging        | |  1.7
Unarmed Combat | |  3.5
Shapeshifting  | |  3.3

Action                     || total
---------------------------++-------
  Melee: Unarmed           ||    78
         Tailslap          ||    10
 Armour: Skin              ||    30
  Dodge: Dodged            ||    66

Table legend: (Time is in decaauts)
 A = Elapsed time spent in this place.
 B = Non-inter-level travel time spent in this place.
 C = Inter-level travel time spent in this place.
 D = Time resting spent in this place.
 E = Time spent auto-exploring this place.
 F = Levels seen in this place.
 G = Mean time per level.
                   A        B        C        D        E       F      G
               +--------+--------+--------+--------+--------+-----+--------+
         Total |    838 |    838 |      0 |      0 |    651 |   2 |  419.0 |
       Dungeon |    838 |    838 |      0 |      0 |    651 |   2 |  419.0 |
               +--------+--------+--------+--------+--------+-----+--------+

Top non-repeatable levels by time:
     D:1: 659 daAuts
     D:2: 178 daAuts
